 Dungeon Crawl Stone Soup version 0.28.0 (webtiles) character file.

Game seed: 17280751677043052399

86306 pkoi the Severer (level 15, 0/129 HPs)
             Began as a Minotaur Gladiator on Feb 11, 2022.
             Was an Initiate of Gozag.
             Slain by a bunyip (24 damage)
             ... on level 1 of the Swamp.
             The game lasted 00:37:38 (31369 turns).

pkoi the Severer (Minotaur Gladiator)              Turns: 31369, Time: 00:37:38

Health: 0/129      AC: 14    Str: 26    XL:     15   Next: 40%
Magic:  23/23      EV: 14    Int:  5    God:    Gozag
Gold:   2417       SH:  5    Dex: 12    Spells: 14/14 levels left

rFire   . . .      SeeInvis .   a - +7 broad axe of Vout Vij {freeze, rPois MP+9 Stlth+}
rCold   + . .      Faith    .   (no shield)
rNeg    . . .      Spirit   .   l - +2 ring mail {rC+}
rPois   +          Reflect  +   c - +1 hat
rElec   .          Harm     .   G - scarf {shadows}
rCorr   .          Rampage  .   h - +1 Delatra's gloves {ID++}
Will    +....                   N - +0 pair of boots
Stlth   ++........              C - amulet of reflection
HPRegen 0.31/turn               T - +4 ring of slaying
MPRegen 0.18/turn               Y - ring of Impatience {+Blink Fly rPois}

@: gold aura, flying
A: horns 2, retaliatory headbutt
a: Renounce Religion, Evoke Blink, Potion Petition, Call Merchant, Bribe Branch


You were on level 1 of the Swamp.
You worshipped Gozag.
Gozag was most pleased with you.
You visited 3 branches of the dungeon, and saw 20 of its levels.
You also visited: Gauntlet.

You collected 7996 gold pieces.
You spent 549 gold pieces at shops.
You paid 5030 gold pieces to Gozag.

Inventory:

Hand Weapons
 a - the +7 broad axe of Vout Vij (weapon) {freeze, rPois MP+9 Stlth+}
   (You bought it in a shop on level 7 of the Dungeon)

   It freezes those it strikes, dealing additional cold damage.
   It can also slow down cold-blooded creatures.
   rPois:     It protects you from poison.
   MP:        It affects your magic capacity (+9).
   Stlth:     It makes you more stealthy.
 b - a +0 arbalest
 y - a +1 war axe of venom
 X - a +4 battleaxe
Missiles
 d - 4 throwing nets (quivered)
 H - 277 bolts
Armour
 c - a +1 hat (worn)
 h - the +1 Delatra's gloves (worn) {ID++}
   (You found it on level 5 of the Dungeon)

   It heals its wearer when they drink unknown potions.
   It restores its wearer's MP when they read unknown scrolls.
 l - a +2 ring mail of cold resistance (worn)
 q - +0 ice dragon scales
 G - a scarf of shadows (worn)
 N - a +0 pair of boots (worn)
Jewellery
 e - a ring of ice
 f - a ring of wizardry
 g - a ring of protection from cold
 m - a ring of see invisible
 s - a ring of flight
 v - a +4 ring of evasion
 C - an amulet of reflection (around neck)
 L - a ring of positive energy
 M - an amulet of the acrobat
 Q - the amulet "Tuacwav" {Spirit +Blink}
   (You found it in a Gauntlet)

   [amulet of guardian spirit]

   It causes incoming damage to be divided between your reserves of health and
   magic.
   +Blink:    It lets you blink.
 T - a +4 ring of slaying (left hand)
 W - the ring "Alonk" {Ice +Blink Str-3 Int+8 SInv}
   (You found it on level 11 of the Dungeon)

   [ring of ice]

   It enhances your ice magic.
   Str:       It affects your strength (-3).
   Int:       It affects your intelligence (+8).
   rF:        It makes you vulnerable to fire.
   rC:        It protects you from cold.
   SInv:      It lets you see invisible.
   +Blink:    It lets you blink.
 Y - the ring of Impatience (right hand) {+Blink Fly rPois}
   (You found it on level 13 of the Dungeon)

   [ring of poison resistance]

   rPois:     It protects you from poison.
   Fly:       It grants you flight.
   +Blink:    It lets you blink.
Wands
 w - a wand of digging (7)
 x - a wand of iceblast (14)
 I - a wand of paralysis (19)
 R - a wand of acid (6)
 S - a wand of flame (28)
Scrolls
 i - 8 scrolls of teleportation
 j - 8 scrolls of enchant armour
 n - 2 scrolls of fear
 o - 2 scrolls of enchant weapon
 r - 7 scrolls of blinking
 z - 2 scrolls of summoning
 A - a scroll of fog
 E - a scroll of silence
 K - 6 scrolls of identify
 O - 4 scrolls of amnesia
 V - a scroll of magic mapping {unknown}
Potions
 k - 2 potions of haste
 p - a potion of resistance
 t - 12 potions of curing
 u - 3 potions of ambrosia
 B - 3 potions of brilliance
 D - 2 potions of might
 F - a potion of flight
 J - 3 potions of heal wounds
 Z - a potion of berserk rage
Miscellaneous
 U - a phantom mirror


   Skills:
 + Level 11.1 Fighting
 + Level 20.1 Axes
 + Level 10.8 Crossbows
 - Level 2.0 Throwing
 + Level 10.8 Armour
 + Level 7.3 Dodging
 + Level 13.2 Evocations


You had 14 spell levels left.
You didn't know any spells.
Your spell library contained the following spells:

 Spells                   Type           Power      Damage    Failure   Level
 Foxfire                  Conj/Fire      0%         2x1d4     58%         1
 Magic Dart               Conj           0%         1d3       58%         1
 Pain                     Necr           0%         1d4       58%         1
 Slow                     Hex            0%         N/A       58%         1
 Summon Small Mammal      Summ           0%         N/A       58%         1
 Scorch                   Fire           0%         2d5       73%         2
 Searing Ray              Conj           0%         2d4       73%         2
 Call Canine Familiar     Summ           0%         N/A       91%         3
 Confusing Touch          Hex            0%         N/A       91%         3
 Ignite Poison            Fire/Tmut/Pois 0%         N/A       91%         3
 Summon Guardian Golem    Hex/Summ       0%         N/A       91%         3
 Flame Wave               Conj/Fire      0%         2d4       100%        4
 Fulminant Prism          Conj/Hex       0%         3d6       100%        4
 Leda's Liquefaction      Hex/Erth       0%         N/A       100%        4
 Agony                    Necr           0%         N/A       100%        5
 Blade Hands              Tmut           0%         N/A       100%        5
 Excruciating Wounds      Necr           0%         N/A       100%        5
 Irradiate                Conj/Tmut      0%         3d13      100%        5
 Lee's Rapid Deconstruct  Erth           0%         3d5*      100%        5
 Summon Forest            Summ/Tloc      0%         N/A       100%        5
 Eringya's Noxious Bog    Tmut/Pois      0%         N/A       100%        6
 Statue Form              Tmut/Erth      0%         N/A       100%        6
 Summon Cactus Giant      Summ           0%         N/A       100%        6
 Dragon Form              Tmut           0%         N/A       100%        7
 Enfeeble                 Hex            0%         N/A       100%        7
 Summon Hydra             Summ           0%         N/A       100%        7


Dungeon Overview and Level Annotations

Branches:
Dungeon (13/15)            Temple (0/1) D:7            Lair (6/6) D:8
  Swamp (1/4) Lair:3        Snake (0/4) Lair:2        Slime (0/5) Lair:6
    Orc (0/2) D:11         Vaults (0/5) D:13        Gauntlet (visited)

Altars:
Ashenzari
Dithmenos
Fedhas
Gozag
Hepliaklqana
Kikubaaqudgha
Makhleb
Nemelex Xobeh
Qazlal
Ru
Sif Muna
Trog
Uskayaw
Wu Jian

Shops:
D:5 =   D:7 **   D:11 (   D:12 *   Lair:5 (   Swamp:1 =

Annotations:
Lair:6 2 runed translucent doors


Innate Abilities, Weirdness & Mutations

You have a pair of horns on your head.
You reflexively headbutt those who attack you in melee.


Message History

You slash the bunyip! You freeze the bunyip. You hit the bunyip.
You freeze the bunyip. The eleionoma misses you. You furiously retaliate!
You headbutt the eleionoma.
Unknown command.
You slash the eleionoma! You freeze the eleionoma.
The eleionoma is moderately wounded.
You closely miss the bunyip. You slash the bunyip! You freeze the bunyip.
Unknown command.
You slash the eleionoma! You freeze the eleionoma.
The eleionoma is heavily wounded.
You hit the bunyip but do no damage. You slash the bunyip!
You freeze the bunyip.
You hack one of the five-headed hydra's heads off!
The four-headed hydra grows two more!
You slash the six-headed hydra! You freeze the six-headed hydra.
The bunyip barely misses you. You furiously retaliate!
You headbutt the bunyip. The bunyip claws you.
* * * LOW HITPOINT WARNING * * *
The bunyip claws you.
* * * LOW HITPOINT WARNING * * *
The eleionoma splashes around in the water.
The six-headed hydra bites you but does no damage. x2
The six-headed hydra closely misses you.
The six-headed hydra bites you but does no damage.
You block the six-headed hydra's attack.
The six-headed hydra bites you.
* * * LOW HITPOINT WARNING * * *
You slice the eleionoma!! You freeze the eleionoma! You headbutt the eleionoma.
You kill the eleionoma!
You slice the alligator!!
The alligator seems to slow down.
You freeze the alligator. You hit the bunyip but do no damage.
You slash the bunyip! You freeze the bunyip.
You lop one of the six-headed hydra's heads off!
The five-headed hydra grows two more!
You slice the seven-headed hydra!! You freeze the seven-headed hydra!
The bunyip claws you!!
* * * LOW HITPOINT WARNING * * *
The bunyip claws you!
* * * LOW HITPOINT WARNING * * *
The bunyip claws you!!
You die...
Your body crumbles into a pile of gold.

♣♣≈≈≈..≈≈ ♣♣♣♣
≈.≈≈§.≈≈≈ ♣♣.≈♣♣
.♣≈...≈.≈ ♣.... ≈≈≈♣≈≈≈
♣♣≈≈♣♣♣♣♣♣♣♣♣♣♣♣♣.
♣♣♣≈..≈............≈
♣♣♣.♣.≈...♣..♣..♣..♣.≈
♣♣...$≈≈.≈.♣..♣..♣..♣.§
♣≈...t@....♣..♣..♣..♣.≈
♣♣≈..xxD♣♣.♣..♣..♣..♣..
♣...≈.≈..♣.♣♣.♣♣.♣♣.♣.≈
..≈♣.♣♣.♣♣..♣.≈♣.≈♣...♣
♣≈... ♣♣≈♣♣.♣.. ♣.♣≈≈
.♣≈.. ≈. ♣ ♣..≈≈ ... .♣
♣.♣♣♣ ...♣ .♣♣♣


You could see 2 bunyips, an alligator (swift, slow) and a seven-headed hydra.

Vanquished Creatures
  Gastronok (Lair:1)
  An eleionoma (Swamp:1)
  A minotaur (Gauntlet)
  A great orb of eyes (D:12)
  A shambling mangrove (Lair:3)
  3 boulder beetles
  7 centaur warriors
  2 vault guards (D:13)
  10 hydras
  A catoblepas (Lair:5)
  An ogre mage (D:12)
  3 tengu warriors
  An alligator (Swamp:1)
  4 two-headed ogres
  4 death yaks
  Nergalle (D:10)
  2 goliath frogs (Swamp:1)
  A wizard (D:13)
  A deep elf pyromancer (D:12)
  A phantasmal warrior (D:12)
  A lindwurm (Lair:6)
  7 cyclopes
  The ghost of themarg the Caller, a novice MfSu (D:4)
  4 manticores
  Maurice (D:13)
  3 oklob plants (Lair:6)
  4 elephants (Lair:2)
  5 black mambas
  2 moths of wrath (Gauntlet)
  2 centaur zombies (D:11)
  3 molten gargoyles (Lair:6)
  A torpor snail (Lair:2)
  An ice statue (D:9)
  A gargoyle (D:12)
  7 cane toads
  2 unseen horrors
  A kobold demonologist (D:12)
  3 yaktaurs
  Psyche (D:10)
  11 komodo dragons
  A rime drake (Lair:6)
  A tengu conjurer (D:11)
  2 polar bears
  7 trolls
  4 ice devils (D:9)
  A tyrant leech (Lair:3)
  6 hornets
  5 slime creatures
  17 blink frogs
  Prince Ribbit (Lair:1)
  7 dream sheep (Lair:6)
  3 spriggans
  3 shadows
  7 wraiths
  4 wyverns
  70 yaks
  A yak (shapeshifter) (D:13)
  18 humans (D:13)
  7 basilisks
  A human (shapeshifter) (D:13)
  3 redbacks (Gauntlet)
  3 steam dragons
  5 vampire mosquitoes
  2 wargs (D:8)
  2 nagas (Lair:2)
  2 acid dragons
  4 hell hounds (Lair:6)
  2 swamp worms (Swamp:1)
  17 water moccasins
  A sky beast (D:7)
  12 orc warriors
  5 ice beasts
  24 wolves
  3 ogres
  10 centaurs
  A phantom (D:6)
  3 kobold brigands
  The ghost of growler the Gusty, an amateur TeAE (D:6)
  16 bullfrogs
  A gnoll sergeant (D:10)
  A wyvern zombie (D:6)
  A scorpion (D:3)
  9 killer bees (D:8)
  9 electric eels
  3 howler monkeys (D:11)
  5 lava snakes (Lair:6)
  A bullfrog zombie (D:6)
  3 hounds
  2 jellies
  6 orc priests
  2 centaur skeletons
  2 iguanas
  23 orc wizards
  13 hell rats
  A killer bee zombie (D:9)
  A hound skeleton (D:4)
  8 gnolls
  A howler monkey zombie (D:7)
  11 adders
  A white imp (D:8)
  8 ufetubi (D:9)
  2 worms
  6 dart slugs
  47 orcs
  6 ball pythons
  A bat (D:1)
  4 endoplasms
  4 giant cockroaches
  5 goblins
  8 hobgoblins
  18 kobolds
  5 quokkas
  2 frilled lizards (D:3)
  7 rats
  2 bushes (Lair:6)
619 creatures vanquished.

Vanquished Creatures (others)
  A human (D:9)
  An orc (D:8)
  38 fungi
  33 plants
  5 toadstools (D:8)
78 creatures vanquished.

Grand Total: 697 creatures vanquished

Notes
Turn   | Place    | Note
-------+----------+-------------------------------------------
     0 | D:1      | pkoi the Minotaur Gladiator began the quest for the Orb.
     0 | D:1      | Reached XP level 1. HP: 18/18 MP: 0/0
    90 | D:1      | Reached skill level 4 in Axes
   107 | D:1      | Reached XP level 2. HP: 25/25 MP: 1/1
   154 | D:1      | Reached skill level 1 in Armour
   570 | D:1      | Reached XP level 3. HP: 31/31 MP: 2/2
  1002 | D:2      | Found a faded altar of an unknown god.
  1108 | D:2      | Reached XP level 4. HP: 38/38 MP: 3/3
  1131 | D:2      | Reached skill level 5 in Axes
  1500 | D:3      | Noticed a scorpion
  1613 | D:3      | Killed a scorpion
  1614 | D:3      | Reached XP level 5. HP: 46/46 MP: 4/4
  1645 | D:3      | Found an opulent altar of Gozag.
  1646 | D:3      | Found a broken altar of Ashenzari.
  1646 | D:3      | Found a hide-covered altar of Uskayaw.
  1649 | D:3      | Found a sacrificial altar of Ru.
  1649 | D:3      | Found a stormy altar of Qazlal.
  1651 | D:3      | Found an ornate altar of the Wu Jian Council.
  1651 | D:3      | Found a shadowy altar of Dithmenos.
  1651 | D:3      | You fall into a shaft and drop 3 floors!
  1663 | D:6      | Found a runed translucent door.
  1669 | D:6      | Noticed growler's ghost (amateur TeAE)
  1675 | D:6      | Noticed an ice beast
  1682 | D:6      | Noticed an ogre
  1685 | D:5      | Entered Level 5 of the Dungeon
  1693 | D:5      | Reached skill level 6 in Axes
  1784 | D:5      | Noticed an ogre
  1871 | D:3      | Reached XP level 6. HP: 52/52 MP: 5/5
  2034 | D:3      | Became a worshipper of Gozag Ym Sagoz the Greedy
  2293 | D:4      | Found a runed translucent gate.
  2294 | D:4      | Found a runed translucent gate.
  2294 | D:4      | Noticed themarg's ghost (novice MfSu)
  2295 | D:4      | Found a runed translucent gate.
  2861 | D:4      | Found a burning altar of Makhleb.
  3586 | D:5      | Noticed an orc warrior
  3720 | D:5      | Noticed an ice beast
  3727 | D:5      | Killed an ice beast
  3728 | D:5      | Reached skill level 7 in Axes
  3772 | D:5      | Reached XP level 7. HP: 60/60 MP: 6/6
  3840 | D:5      | Noticed a yak
  3885 | D:5      | Reached skill level 5 in Fighting
  3891 | D:5      | Killed a yak
  4081 | D:5      | Found Reqa Vif's Jewellery Boutique.
  4081 | D:5      | Noticed a yak
  4086 | D:5      | Noticed a yak
  4087 | D:5      | Killed a yak
  4088 | D:5      | Reached skill level 8 in Axes
  4088 | D:5      | Reached skill level 5 in Armour
  4090 | D:5      | Killed a yak
  4091 | D:5      | Reached XP level 8. HP: 40/70 MP: 7/7
  4502 | D:5      | Reached skill level 9 in Axes
  4836 | D:5      | Found the +1 Delatra's gloves {ID++}
  5140 | D:6      | Reached skill level 10 in Axes
  5326 | D:6      | Found a runed translucent door.
  5676 | D:6      | Reached XP level 9. HP: 76/79 MP: 8/8
  5681 | D:6      | Identified a scroll of acquirement
  5683 | D:6      | Acquired 1247 gold pieces
  5692 | D:6      | Found a hazy altar of Hepliaklqana.
  5763 | D:7      | Bought a scroll of blinking for 270 gold pieces
  5776 | D:7      | Found a staircase to the Ecumenical Temple.
  5792 | D:7      | Reached skill level 11 in Axes
  5928 | D:7      | Bought an ancient broad axe for 279 gold pieces
  5928 | D:7      | Identified the +7 broad axe of Vout Vij {freeze, rPois MP+9
                  | Stlth+} (You bought it in a shop on level 7 of the Dungeon)
  6047 | D:7      | Found a blossoming altar of Fedhas.
  6392 | D:8      | Reached skill level 12 in Axes
  6804 | D:8      | Reached skill level 1 in Evocations
  7181 | D:8      | Found a staircase to the Lair.
  7239 | D:8      | Reached XP level 10. HP: 90/90 MP: 9/9
  7867 | D:9      | Reached skill level 13 in Axes
  7869 | D:9      | Noticed an ice statue
  8126 | Lair:1   | Entered Level 1 of the Lair of Beasts
  8276 | Lair:1   | Noticed a cane toad
  8282 | Lair:1   | Killed a cane toad
  8395 | Lair:1   | Noticed Gastronok
  8396 | Lair:1   | Noticed a black mamba
  8406 | Lair:1   | Killed Gastronok
  8407 | Lair:1   | Reached skill level 14 in Axes
  8407 | Lair:1   | Reached skill level 5 in Evocations
  8409 | Lair:1   | Killed a black mamba
  8772 | Lair:1   | Noticed Prince Ribbit
  8794 | Lair:1   | Killed Prince Ribbit
  8795 | Lair:1   | Reached XP level 11. HP: 87/95 MP: 10/10
  8921 | Lair:1   | Found a bloodstained altar of Trog.
  8938 | Lair:1   | Reached skill level 15 in Axes
  9032 | Lair:1   | Noticed a seven-headed hydra
  9044 | Lair:1   | Killed an eight-headed hydra
  9634 | Lair:2   | Found a staircase to the Snake Pit.
  9911 | D:6      | Identified the +2 robe of Minuh {Harm Int+6 Stlth-}
 10495 | Lair:2   | Reached skill level 16 in Axes
 11356 | Lair:3   | Reached XP level 12. HP: 103/103 MP: 11/11
 11460 | Lair:3   | Noticed a seven-headed hydra
 11467 | Lair:3   | Killed a ten-headed hydra
 11642 | Lair:3   | Reached skill level 17 in Axes
 11673 | Lair:3   | Found a staircase to the Swamp.
 12542 | Lair:4   | Reached skill level 1 in Crossbows
 12663 | Lair:4   | Reached skill level 10 in Evocations
 12703 | Lair:4   | Noticed a boulder beetle
 13468 | Lair:4   | Killed a boulder beetle
 14046 | Lair:5   | Noticed a death yak
 14053 | Lair:5   | Noticed a death yak
 14055 | Lair:5   | Noticed a death yak
 14056 | Lair:5   | Noticed a death yak
 14347 | Lair:5   | Reached skill level 5 in Crossbows
 14674 | Lair:4   | Killed a death yak
 14678 | Lair:4   | Killed a death yak
 14679 | Lair:4   | Reached skill level 18 in Axes
 14910 | Lair:4   | Killed a death yak
 14942 | Lair:5   | Killed a death yak
 14943 | Lair:5   | Reached XP level 13. HP: 69/108 MP: 12/12
 15514 | Lair:6   | Entered Level 6 of the Lair of Beasts
 16325 | Lair:6   | Found a staircase to the Slime Pits.
 18375 | Lair:6   | Found a large runed translucent door.
 18678 | Lair:6   | Reached skill level 19 in Axes
 19460 | Lair:6   | Noticed a fire dragon
 19461 | Lair:6   | Found a large runed translucent door.
 20566 | D:9      | Got the Disquisition on Hexes and Venom
 20659 | D:9      | Found a shimmering blue altar of Sif Muna.
 20871 | D:9      | Found an ancient bone altar of Kikubaaqudgha.
 21007 | D:10     | Entered Level 10 of the Dungeon
 21011 | D:10     | Noticed Psyche
 21021 | D:10     | Killed Psyche
 21384 | D:10     | Noticed Nergalle
 21389 | D:10     | Reached XP level 14. HP: 103/116 MP: 13/13
 21397 | D:10     | Killed Nergalle
 22644 | D:11     | Found a gate leading to a gauntlet.
 22662 | Gauntlet | Entered a Gauntlet
 22662 | Gauntlet | Found a transporter.
 22662 | Gauntlet | Found a transporter.
 22680 | Gauntlet | Found a transporter.
 22698 | Gauntlet | Found a transporter.
 22709 | Gauntlet | Found a transporter.
 22710 | Gauntlet | Found a transporter.
 22718 | Gauntlet | Found a transporter.
 22735 | Gauntlet | Found a transporter.
 22752 | Gauntlet | Found a transporter.
 22753 | Gauntlet | Found a transporter.
 22761 | Gauntlet | Found a transporter.
 22765 | Gauntlet | Found a transporter.
 22887 | Gauntlet | Identified the amulet "Tuacwav" {Spirit +Blink}
 23184 | D:11     | HP: 4/118 [boulder beetle (12)]
 23728 | Swamp:1  | Entered Level 1 of the Swamp
 24730 | D:11     | Reached skill level 5 in Dodging
 25084 | D:11     | Identified the ring "Alonk" {Ice +Blink Str-3 Int+8 SInv}
 25295 | D:11     | Got the Guide on Summoning and Flames
 25537 | D:11     | Found a staircase to the Orcish Mines.
 25899 | D:12     | Found a sparkling altar of Nemelex Xobeh.
 26420 | D:12     | Reached skill level 10 in Fighting
 26744 | D:12     | Reached skill level 10 in Crossbows
 26783 | D:12     | Reached skill level 10 in Armour
 27232 | D:12     | Found Urphaloenn's Assorted Antiques.
 28263 | D:13     | Reached XP level 15. HP: 122/128 MP: 14/14
 28301 | D:13     | Noticed Maurice
 28310 | D:13     | Killed Maurice
 29274 | D:13     | Identified the ring of Impatience {+Blink Fly rPois}
 29426 | D:13     | Reached skill level 20 in Axes
 29555 | D:13     | Found a gate to the Vaults.
 30091 | D:4      | Killed themarg's ghost
 30184 | D:6      | Killed growler's ghost
 31369 | Swamp:1  | Slain by a bunyip

Illustrated notes

Levels and vault maps discovered:
D:1:      heliophobic_arrival_enchanted_forest, layout_loops_ring, st_stairs_9,
          hangedman_abyss_or_decor_stabs
D:2:      layout_rooms, ebering_ecumenical_altar_webs
D:3:      layout_basic, grunt_temple_overflow_open, small_statue_alley_b,
          chequers_serial_rivers_room_b
D:4:      layout_loops_ring, mainiacjoe_overflow_paths,
          gammafunk_ghost_nasty_kobolds, minmay_door_square,
          minmay_curled_crystal
D:5:      layout_basic, serial_shops, nicolae_take_the_stairs,
          pf_guarded_unrand_delatra
D:6:      layout_cave_pools, nicolae_hepliaklqana_hippocampus,
          ebering_ghost_sewer_f
D:7:      layout_rooms, fedhas_ov_isle_minmay,
          minmay_temple_entry_statues_fountains
D:8:      layout_basic, erik_lair_orcish_takeover, chequers_mini_garden,
          minmay_gold_behind_fungi, chequers_big_river
D:9:      cheibrodos_frozen_isle, layout_long_grid, tgw_kikubaaqudgha,
          nicolae_sif_muna_little_library
D:10:     layout_loops_ring, minmay_misc_feat_more_columns, nrook_pool_corridor,
          uniq_nergalle, uniq_psyche
D:11:     minmay_cut_squares, layout_loops_ring, david_orc_4,
          gauntlet_entry_generic
D:12:     minmay_connected_boxes_in_corner, layout_loops_cross, serial_shops,
          nicolae_shop_competitors_out_of_business, minmay_ruined_shrine
D:13:     layout_long_grid, grunt_vaults_entry_tiered, drop_trap, uniq_maurice
Lair:1:   layout_gridlike, basic_altar, grunt_megastairs_4,
          infiniplex_staircase_pool, uniq_gastronok, uniq_prince_ribbit2
Lair:2:   layout_small_grid, guppyfry_snake_entry_island, serial_bayou_shore_a
Lair:3:   layout_hall_layers, swamp_mist, serial_bayou_lake_a,
          grunt_megastairs_1, lemuel_fruit_fields, lemuel_fruit_fields
Lair:4:   layout_gridlike, lemuel_fruit_fields
Lair:5:   layout_misc_corridors
Lair:6:   cheibrodos_lair_end_hotspot, layout_loops_ring,
          minmay_slime_entry_oklob_open
Swamp:1:  nicolae_swamp_secret_spriggan_hideout, layout_falls_marsh,
          hangedman_swamp_cone, uniq_josephine

Skill      XL: |  1  2  3  4  5  6  7  8  9 10 11 12 13 14 15 |
---------------+----------------------------------------------+-----
Axes           | 4 5 6 7 8 10 12 14 16 18 19 20 | 20.1
Armour         | 1 2 3 4 5 6 8 10 | 10.8
Fighting       | 3 4 6 7 8 10 11 | 11.1
Evocations     | 2 6 9 11 12 13 | 13.2
Crossbows      | 5 8 10 | 10.8
Dodging        | 6 7 |  7.3
Throwing       | |  2.0

Action                   |  1- 3 |  4- 6 |  7- 9 | 10-12 | 13-15 || total
-------------------------+-------+-------+-------+-------+-------++-------
Melee: War axe           |    58 |   128 |   103 |       |       ||   289
       Headbutt          |    10 |    14 |    33 |    80 |   167 ||   304
       Punch             |       |     1 |     1 |     1 |    15 ||    18
       Battleaxe         |       |       |     2 |       |       ||     2
       Broad axe         |       |       |    62 |   354 |   779 ||  1195
 Fire: Arbalest          |       |       |       |    36 |    82 ||   118
Invok: Call Merchant     |       |       |     2 |       |     3 ||     5
       Potion Petition   |       |       |       |       |     1 ||     1
Evoke: Wand              |       |       |       |     6 |     1 ||     7
  Use: Potion            |       |     8 |       |     1 |       ||     9
       Scroll            |       |     3 |    13 |     5 |     3 ||    24
 Stab: Distracted        |       |     1 |       |       |     8 ||     9
       Sleeping          |       |       |       |       |     2 ||     2
Armor: Leather armour    |     8 |       |       |       |       ||     8
       Ring mail         |    14 |    33 |    50 |    71 |   199 ||   367
       Skin              |       |     3 |       |       |       ||     3
       Ice dragon scales |       |       |       |       |     1 ||     1
Dodge: Dodged            |    37 |    68 |   117 |   234 |   496 ||   952
Block: Other             |       |       |       |    38 |    57 ||    95
       Reflection        |       |       |       |       |     1 ||     1
